AoeStats
← HR Pinkman

Black Forest

507136273Analyzed
4v4 RM · 15d ago on Sep 16, 2026· 42m 12s· 8 players
Game mode
Random Map
Map size
Large (8 player)
Population
200
Speed
Normal
Resources
Standard
Victory
Conquest
Starting age
Dark Age
Ending age
Imperial Age
RankedLock teamsTeams togetherTeam positionsShared explorationLock speedFull tech treeHidden civsTurbo modeCheats
Victory
Defeat
🇩🇪 Maya · Germany
2271
+3
🇩🇪 Mongols · Germany
2014
+9
🇩🇪 Khitans · Germany
1902
+12
🇩🇪 Shu · Germany
1898
+12
🇩🇪 Koreans · Germany
1896
-11
🇨🇱 Byzantines · Chile
1859
-10
🇨🇱 Italians · Chile
1829
-8
🇨🇱 Muisca · Chile
1795
-7
HR Sobek
1:29 Loom
12:11 Feudal Age
16:17 Castle Age
14:50 Double-Bit Axe
15:30 Horse Collar
17:16 Bow Saw
17:46 Town Watch
20:22 Wheelbarrow
25:58 Imperial Age
23:30 Crossbowman
24:01 Fletching
25:16 Bodkin Arrow
27:44 Chemistry
26:57 Bracer
27:27 Padded Archer Armor
29:06 Leather Archer Armor
29:36 Thumb Ring
29:16 Arbalester
32:39 Ring Archer Armor
33:18 Hand Cart
35:56 Ballistics
[o.p.]Oliver_Khan
11:35 Feudal Age
15:07 Castle Age
13:06 Double-Bit Axe
13:01 Horse Collar
13:42 Horse Collar
16:13 Bow Saw
21:51 Wheelbarrow
24:18 Hand Cart
23:56 Gold Mining
28:40 Imperial Age
26:51 Heavy Plow
27:27 Gold Shaft Mining
26:44 Stone Mining
26:39 Loom
27:00 Treadmill Crane
29:04 Fletching
29:35 Ballistics
30:27 Chemistry
30:47 Two-Man Saw
30:25 Conscription
30:06 Eupseong
30:03 Bodkin Arrow
30:49 Bracer
31:04 Town Watch
32:19 Coinage
32:15 Elite War Wagon
34:31 Arrowslits
34:57 Masonry
35:13 Husbandry
36:51 Architecture
38:23 Guilds
39:21 Banking
38:51 Caravan
HR Pinkman
0:47 Loom
12:28 Feudal Age
13:03 Double-Bit Axe
16:23 Wheelbarrow
20:20 Castle Age
19:10 Horse Collar
21:19 Bow Saw
28:05 Imperial Age
26:45 Gold Mining
27:43 Devotion
28:38 Redemption
30:30 Block Printing
neromelnick
10:34 Feudal Age
14:40 Castle Age
13:41 Double-Bit Axe
14:27 Horse Collar
19:21 Squires
19:23 Scale Mail Armor
19:56 Loom
28:18 Wheelbarrow
29:28 Heavy Plow
29:39 Bow Saw
31:19 Hand Cart
30:49 Town Watch
31:30 Forging
37:36 Imperial Age
36:04 Chain Mail Armor
37:01 Iron Casting
36:29 Fletching
37:01 Ballistics
36:22 Treadmill Crane
37:09 Padded Archer Armor
37:32 Herbalism
37:47 Bodkin Arrow
38:30 Coinage
38:41 Leather Archer Armor
39:32 Chemistry
38:54 Conscription
40:34 Two-Man Saw
39:26 Stone Mining
39:27 Gold Mining
40:08 Crop Rotation
40:41 Bracer
41:08 Elite Guecha Warrior
LM | MaisterNippon
0:59 Loom
12:22 Feudal Age
16:30 Castle Age
15:08 Forging
15:16 Double-Bit Axe
15:31 Domestication
16:38 Light Cavalry
22:45 Iron Casting
26:07 Bow Saw
27:34 Wheelbarrow
27:50 Gold Mining
28:51 Pastoralism
33:15 Hand Cart
37:27 Imperial Age
35:28 Scale Barding Armor
36:41 Loom
36:42 Town Watch
37:43 Chain Barding Armor
37:26 Husbandry
37:48 Caravan
37:56 Elite Steppe Lancer
39:58 Plate Barding Armor
40:41 Coinage
NOC | Terz
0:28 Loom
10:45 Feudal Age
10:52 Man-at-Arms
11:31 Double-Bit Axe
14:37 Arson
21:52 Castle Age
21:56 Long Swordsman
29:06 Imperial Age
26:57 Gold Mining
27:33 Fletching
28:06 Horse Collar
34:24 Ballistics
36:43 Bow Saw
37:06 Block Printing
37:25 Caravan
37:49 Conscription
39:04 Theocracy
38:50 Sanctity
39:34 Padded Archer Armor
39:30 Bodkin Arrow
NOC | Mr.Dobbsn
10:52 Feudal Age
11:37 Double-Bit Axe
12:02 Horse Collar
14:27 Castle Age
15:26 Bow Saw
15:46 Heavy Plow
23:06 Wheelbarrow
24:36 Hand Cart
25:27 Gold Mining
25:29 Stone Mining
29:24 Imperial Age
26:41 Loom
26:59 Fletching
27:58 Gold Shaft Mining
27:51 Ballistics
27:33 Padded Archer Armor
28:59 Bodkin Arrow
29:21 Thumb Ring
29:25 Onager
30:10 Bracer
31:11 Chemistry
30:38 Parthian Tactics
30:25 Bloodlines
30:15 Husbandry
30:53 Drill
30:55 Leather Archer Armor
30:56 Caravan
32:36 Elite Mangudai
33:45 Siege Engineers
34:20 Conscription
34:04 Town Watch
34:26 Siege Onager
36:28 Masonry
40:12 Coinage
39:28 Capped Ram
40:45 Siege Ram
NOC | shiXo.#
1:53 Loom
11:19 Feudal Age
12:37 Double-Bit Axe
12:40 Horse Collar
14:49 Town Watch
19:21 Castle Age
17:45 Gold Mining
20:18 Bow Saw
20:10 Heavy Plow
25:30 Stone Mining
27:39 Wheelbarrow
27:50 Fortified Wall
32:28 Imperial Age
31:29 Masonry
32:29 Hand Cart
41:15 Caravan
41:59 Fletching
42:09 Padded Archer Armor
42:46 Ballistics
43:34 Chemistry
Connection lost

Rejoining the realm…

Still unreachable

The connection could not be restored.

Session expired

The server has moved on; the page needs a fresh start.